 Dungeon Crawl Stone Soup version 0.27-a0-1595-g0b823d0a13 (webtiles) character file.

Game seed: 14137119159772024962

2590 Froggeryz the Basher (level 9, 0/63 HPs)
             Began as a Human Berserker on July 20, 2021.
             Was a Priest of Trog.
             Slain by an unseen horror (6 damage)
             ... on level 7 of the Dungeon.
             The game lasted 00:07:04 (7920 turns).

Froggeryz the Basher (Human Berserker)              Turns: 7920, Time: 00:07:04

Health: 0/63       AC: 12    Str: 18 (19) XL:     9   Next: 89%
Magic:  9/9        EV: 11    Int:  7 (9)  God:    Trog [***...]
Gold:   439        SH:  0    Dex: 10 (13) Spells: 8/8 levels left

rFire    . . .     SeeInvis .   z - +5 mace
rCold    . . .     Faith    .   (no shield)
rNeg     . . .     Spirit   .   b - +0 ring mail
rPois    +         Reflect  .   a - +1 helmet
rElec    .         Harm     .   w - +1 cloak {rCorr}
rCorr    +         Rampage  .   v - +0 pair of gloves
Will     .....                  (no boots)
Stlth    ..........             (no amulet)
HPRegen  0.20/turn              u - ring of poison resistance
MPRegen  0.11/turn              (no ring)

@: mighty
A: no striking features
a: Renounce Religion, Berserk, Trog's Hand


You were on level 7 of the Dungeon.
You worshipped Trog.
Trog was most pleased with you.
You visited 1 branch of the dungeon, and saw 7 of its levels.

You collected 439 gold pieces.

Inventory:

Hand Weapons
 z - a +5 mace (weapon)
Missiles
 B - 3 boomerangs (quivered)
Armour
 a - a +1 helmet (worn)
 b - a +0 ring mail (worn)
 v - a +0 pair of gloves (worn)
 w - a +1 cloak of preservation (worn)
Jewellery
 u - a ring of poison resistance (left hand)
Wands
 p - a wand of iceblast (5)
 t - a wand of digging (6)
 y - a wand of polymorph (3)
Scrolls
 i - 2 scrolls of identify
 k - 2 scrolls of magic mapping
Potions
 c - 2 potions of might
 d - 2 potions of ambrosia
 f - a potion of attraction {unknown}
 g - a potion of brilliance {unknown}
 h - 2 potions of degeneration
 j - 2 potions of magic {unknown}
 q - a potion of resistance {unknown}
 r - a potion of curing {unknown}
 x - a potion of cancellation {unknown}


   Skills:
 - Level 3.0 Fighting
 * Level 11.0 Maces & Flails
 - Level 7.1 Armour
 - Level 2.0 Dodging


You had 8 spell levels left.
You didn't know any spells.
Your spell library was empty.

Dungeon Overview and Level Annotations

Branches:
Dungeon (7/15)             Temple (0/1) D:5

Altars:
Kikubaaqudgha
Ru

Shops:
D:1 ?   D:2 *   D:4 [


Message History

You bump into the tree.
Something hits you but does no damage.
You bump into the tree.
Something hits you but does no damage.
You bump into the tree.
Something hits you but does no damage.
You feel less invigorated.
You feel less confused. Something hits you but does no damage.
Something hits you.
You hit something but do no damage. Something hits you.
Something hits you but does no damage.
You miss something. Something hits you! Something hits you.
You barely miss something. Something hits you. x2
You barely miss something. Something hits you.
You closely miss something.
Something hits you but does no damage. x3
You hit something. Something hits you but does no damage.
You sock something! Something hits you but does no damage.
Aiming: Iceblast
Press: ? - help, Shift-Dir - straight line The mass of ice explodes!
The iceblast engulfs something!
Something hits you but does no damage. x2
Aiming: Iceblast
Press: ? - help, Shift-Dir - straight line The mass of ice explodes!
The iceblast engulfs something.
The iceblast engulfs you!
Something hits you but does no damage. x2
Aiming: Iceblast
Press: ? - help, Shift-Dir - straight line The mass of ice explodes!
The iceblast engulfs something!
The iceblast engulfs you!
* * * LOW HITPOINT WARNING * * *
Something hits you but does no damage.
It was a potion of degeneration.
There was something very wrong with that liquid.
You feel weakened.
You feel dopey.
You feel clumsy. Something hits you.
* * * LOW HITPOINT WARNING * * *
Something hits you.
* * * LOW HITPOINT WARNING * * *
It was a potion of might.
You feel very mighty all of a sudden. Something hits you.
You die...

... #)##..# ...
#[.##.. ..
#####.[##.
♣♣..#.......##
♣♣..##.....)...
♣♣♣............##
...............#
♣♣♣♣......########
♣@♣♣♣.....# #....
♣♣.♣♣♣....# #....
♣♣.......# ##....
♣!......# #.....
♣.......# #.....
.........# #.....
...........#
#(...#
....$.......#
#.....
##........###
#.....


There were no monsters in sight!

Vanquished Creatures
  Sigmund (D:3)
  A steam dragon (D:6)
  Menkaure (D:7)
  Duvessa (D:6)
  2 water moccasins
  An orc warrior (D:7)
  An ice beast (D:5)
  A sky beast (D:7)
  A black bear (D:4)
  3 phantoms
  4 bullfrogs
  A gnoll sergeant (D:7)
  Dowan (D:6)
  2 scorpions (D:5)
  6 wights (D:6)
  A bullfrog zombie (D:5)
  A centaur zombie (D:7)
  2 orc priests (D:7)
  2 hounds (D:6)
  Crazy Yiuf (D:4)
  A jelly (D:6)
  A bullfrog skeleton (D:6)
  A centaur skeleton (D:4)
  2 iguanas (D:6)
  Ijyb (D:3)
  An orc wizard (D:7)
  4 adders
  A shadow imp (D:7)
  2 white imps (D:6)
  4 dart slugs
  8 orcs
  4 ball pythons
  8 endoplasms
  A giant cockroach (D:3)
  8 goblins
  10 hobgoblins
  3 jackals (D:2)
  6 quokkas
  5 bats
  4 frilled lizards
  7 kobolds
  5 rats
121 creatures vanquished.

Vanquished Creatures (collateral kills)
  A gnoll (D:7)
  An orc (D:7)
2 creatures vanquished.

Vanquished Creatures (others)
  3 fungi (D:4)
3 creatures vanquished.

Grand Total: 126 creatures vanquished

Notes
Turn   | Place    | Note
-------+----------+-------------------------------------------
     0 | D:1      | Froggeryz the Human Berserker began the quest for the Orb.
     0 | D:1      | Reached XP level 1. HP: 18/18 MP: 1/1
   216 | D:1      | Reached XP level 2. HP: 21/24 MP: 2/2
   377 | D:1      | Found Weujoaw's Magic Scroll Emporium.
   807 | D:1      | Reached XP level 3. HP: 24/29 MP: 3/3
  1204 | D:2      | Reached ** piety under Trog
  1423 | D:2      | Reached skill level 4 in Maces & Flails
  1892 | D:2      | Found Muzuz's Assorted Antiques.
  2187 | D:3      | Reached XP level 4. HP: 35/35 MP: 4/4
  2257 | D:3      | Noticed Sigmund
  2310 | D:3      | Killed Sigmund
  2311 | D:3      | Reached skill level 5 in Maces & Flails
  2311 | D:3      | Reached XP level 5. HP: 41/41 MP: 5/5
  2311 | D:3      | Reached XP level 6. HP: 47/47 MP: 6/6
  2506 | D:3      | Found an ancient bone altar of Kikubaaqudgha.
  2507 | D:3      | Found a sacrificial altar of Ru.
  2617 | D:3      | Noticed Ijyb
  2626 | D:3      | Killed Ijyb
  3204 | D:3      | Found a faded altar of an unknown god.
  3597 | D:4      | Reached skill level 6 in Maces & Flails
  3921 | D:4      | Reached XP level 7. HP: 34/52 MP: 7/7
  4386 | D:4      | Found Huoreami's Armour Shop.
  4692 | D:4      | Found a runed translucent door.
  4693 | D:4      | Noticed Crazy Yiuf
  4699 | D:4      | Killed Crazy Yiuf
  4740 | D:5      | Entered Level 5 of the Dungeon
  4864 | D:5      | Reached skill level 7 in Maces & Flails
  5006 | D:5      | Reached skill level 5 in Armour
  5158 | D:5      | Reached XP level 8. HP: 58/58 MP: 8/8
  5628 | D:5      | Reached *** piety under Trog
  5636 | D:5      | Reached skill level 8 in Maces & Flails
  5648 | D:5      | Found a staircase to the Ecumenical Temple.
  6412 | D:6      | Reached skill level 9 in Maces & Flails
  6426 | D:6      | Reached XP level 9. HP: 63/63 MP: 9/9
  6872 | D:6      | Noticed Dowan
  6873 | D:6      | Noticed Duvessa
  6890 | D:6      | Killed Duvessa
  6893 | D:6      | Killed Dowan
  7057 | D:7      | Noticed Menkaure
  7068 | D:7      | Killed Menkaure
  7279 | D:7      | Reached skill level 10 in Maces & Flails
  7645 | D:7      | Reached skill level 11 in Maces & Flails
  7920 | D:7      | Slain by an unseen horror

Illustrated notes

Levels and vault maps discovered:
D:1:      tarquinn_simple_flora_water_d, layout_loops_cross, serial_shops, shop
D:2:      layout_basic, serial_shops, nicolae_shop_stone
D:3:      layout_basic, mainiacjoe_overflow_divided_tiny,
          hellmonk_ecumenical_altar_prayer_group, kennysheep_cross_room,
          chequers_serial_rivers_marsh, minmay_misc_feat_more_columns,
          eino_curves_04, grunt_ministairs_6, uniq_ijyb, uniq_sigmund
D:4:      layout_cave_pools, serial_column_ruins,
          column_ruins_corridor_straight, column_ruins_open_small,
          column_ruins_columns_T, column_ruins_open_tiny,
          column_ruins_corridor_dead_end, serial_shops, shop,
          uniq_crazy_yiuf_cottage
D:5:      layout_loops_ring, temple_hall, minmay_misc_feat_four_crosses
D:6:      layout_cave_pods, st_stairs_5, uniq_duvessa
D:7:      minmay_polygon_palace, layout_basic, nzn_wu_jian_contemplation,
          kb_rosetta, uniq_menkaure

Skill      XL: |  1  2  3  4  5  6  7  8  9 |
---------------+----------------------------+-----
Maces & Flails | 4 5 6 7 9 11 | 11.0
Armour         | 3 4 5 6 7 |  7.1
Fighting       | |  3.0
Dodging        | |  2.0

Action                   |  1- 3 |  4- 6 |  7- 9 || total
-------------------------+-------+-------+-------++-------
Melee: Mace              |   104 |    50 |    73 ||   227
       Flail             |       |    72 |   175 ||   247
Invok: Berserk           |     1 |     3 |     9 ||    13
       Trog's Hand       |       |     2 |     3 ||     5
Evoke: Wand              |       |       |     4 ||     4
  Use: Scroll            |       |       |     8 ||     8
       Potion            |       |       |     3 ||     3
Armor: Leather armour    |     2 |       |       ||     2
       Ring mail         |    37 |    47 |   153 ||   237
Dodge: Dodged            |    70 |    70 |   122 ||   262

Table legend: (Time is in decaauts)
 A = Elapsed time spent in this place.
 B = Non-inter-level travel time spent in this place.
 C = Inter-level travel time spent in this place.
 D = Time resting spent in this place.
 E = Time spent auto-exploring this place.
 F = Levels seen in this place.
 G = Mean time per level.
                   A        B        C        D        E       F      G
               +--------+--------+--------+--------+--------+-----+--------+
         Total |   8066 |   7896 |    170 |   1341 |   5473 |   7 | 1152.3 |
       Dungeon |   8066 |   7896 |    170 |   1341 |   5473 |   7 | 1152.3 |
               +--------+--------+--------+--------+--------+-----+--------+

Top non-repeatable levels by time:
     D:3: 1392 daAuts
     D:6: 1384 daAuts
     D:4: 1193 daAuts
     D:1: 1138 daAuts
     D:2: 1108 daAuts
     D:5: 964 daAuts
     D:7: 885 daAuts
